cohdb
Replays
Latest Replays
All Replays
Popular Replays
Top Player Replays
Match Explorer
How It Works
Community
CoH3 Stats
Reddit
Sign in to upload your games and track your stats! →
Sign in with Steam
Match 24690749
Unlisted
Match 24690749
Overview
Messages
Build Orders
End
Pioneer Squad
Pioneer Squad
Construct Infanterie Kompanie
Construct Panzergrenadier Kompanie
251 Medium Carrier
251 Medium Carrier
MG 42 Bunker
Selects Italian Coastal Battlegroup
Selects Support Bunkers
Selects Designated Artillery Overwatch
Pioneer Squad
Pioneer Squad
Medical Station
MG 42 Bunker
Designated Artillery Overwatch
MG 42 Bunker
Selects Coastal Reserves
Selects Artillery Officer
Feuerfurz
Schogunist
Admonten
JingmuX
Idiot-Bot
Serial Chiller
colonel_kraken
qmwdx
0
0
Comments
sign in to comment!
No comments posted yet!